cohdb
Replays
Latest Replays
All Replays
Popular Replays
Top Player Replays
Match Explorer
How It Works
Community
CoH3 Stats
Reddit
Sign in to upload your games and track your stats! →
Sign in with Steam
Match 41186845
Unlisted
Match 41186845
Overview
Messages
Build Orders
End
Selects Special Operations Battlegroup
Selects M29 Weasel Recon Vehicle
M29 Weasel Recon Vehicle
Engineer Squad
Construct Weapon Support Center
Construct Barracks
Riflemen Squad
M29 Weasel Recon Vehicle
Mechanized Support Center
Selects Raiding Flares
Grenade Package
Forward Retreat Point
M3 Armored Personnel Carrier
Selects SSF Commando Squad
SSF Commando Squad
Raiding Flares
SSF Commando Squad
Raiding Flares
Construct Tank Depot
Selects Air Re-supply Operation
Raiding Flares
M4A1 Sherman Medium Tank
SSF Commando Squad
M4A1 76mm Conversion
Designate Forward Repair Station
Selects P-47 Anti-Infantry Loiter
Selects UNKNOWN (2162291)
Raiding Flares
Improvised Armor
P-47 Anti-Infantry Loiter
Rapid Repairs
Inzanity
The Rizzler of Azkaban
Roger Templar
76561198013628798
Leo Major
iceman
屑不肉
dl5277
0
0
Comments
sign in to comment!
No comments posted yet!